AoeStats
← Jaune China

Runestones

507059604Analyzed
1v1 RM · 15d ago on Sep 16, 2026· 35m 11s· 2 players
Game mode
Random Map
Map size
Tiny (2 player)
Population
200
Speed
Normal
Resources
Standard
Victory
Conquest
Starting age
Dark Age
Ending age
Imperial Age
RankedLock teamsTeams togetherTeam positionsShared explorationLock speedFull tech treeHidden civsTurbo modeCheats
Victory
Defeat
🇬🇧 Romans · United Kingdom
804
+16
🇫🇷 Teutons · France
802
-27
Jaune China
8:40 Loom
11:16 Feudal Age
12:10 Double-Bit Axe
12:09 Horse Collar
12:19 Man-at-Arms
20:55 Forging
20:46 Scale Mail Armor
21:09 Gold Mining
21:09 Stone Mining
23:53 Castle Age
22:29 Gold Mining
24:15 Elite Skirmisher
24:58 Scale Mail Armor
25:08 Forging
26:27 Wheelbarrow
26:44 Chain Mail Armor
27:04 Iron Casting
Wōðanaz
10:30 Feudal Age
10:43 Man-at-Arms
11:52 Double-Bit Axe
23:43 Castle Age
22:46 Scale Mail Armor
25:35 Wheelbarrow
25:14 Bow Saw
26:28 Stone Mining
29:49 Hand Cart
Connection lost

Rejoining the realm…

Still unreachable

The connection could not be restored.

Session expired

The server has moved on; the page needs a fresh start.